 Dungeon Crawl Stone Soup version 0.30-a0-867-g305f33218d (webtiles) character file.

Game seed: 10816009555901739126

1838 avis the Insei (level 8, -1/68 HPs)
             Began as a Demigod Warper on Mar 10, 2023.
             Engulfed by a steam dragon's steam (3 damage)
             ... on level 6 of the Dungeon.
             The game lasted 01:03:38 (7898 turns).

avis the Insei (Demigod Warper)                     Turns: 7898, Time: 01:03:39

Health: -1/68      AC:  9    Str: 22    XL:     8   Next: 56%
Magic:  14/15      EV: 14    Int: 15    God:
Gold:   257        SH:  0    Dex: 19    Spells: 4/13 levels left

rFire   . . .      SeeInvis .    w - +0 dagger of Beogh's Castigation {vamp, rElec Dex+2}
rCold   . . .      Faith    .    (no shield)
rNeg    . . .      Spirit   .    i - +0 leather armour
rPois   .          Reflect  .    p - +1 helmet
rElec   +          Rampage  .    (no cloak)
rCorr   .                        (no gloves)
Will    .....                    (no boots)
Stlth   +                        m - amulet of regeneration
HPRegen 1.11/turn                y - +6 ring of strength
MPRegen 0.14/turn                F - +4 ring of protection

@: no status effects
A: high MP 1, forlorn, divine attributes
a: no special abilities


You were on level 6 of the Dungeon.
You visited 1 branch of the dungeon, and saw 7 of its levels.

You collected 257 gold pieces.

Inventory:

Hand Weapons
 b - a +0 sling
 f - a +4 dagger
 o - a +2 spear of freezing
 w - the +0 dagger of Beogh's Castigation (weapon) {vamp, rElec Dex+2}
   (You found it on level 3 of the Dungeon)

   Dex:       It affects your dexterity (+2).
   rElec:     It insulates you from electricity.
 z - a +2 dagger of speed
Missiles
 c - 2 boomerangs of dispersal (quivered)
 e - 7 poisoned darts
Armour
 i - a +0 leather armour (worn)
 j - +0 ice dragon scales
 n - the +0 chain mail of True Grit {Int+6}
   (You found it on level 2 of the Dungeon)

   Int:       It affects your intelligence (+6).
 p - a +1 helmet (worn)
 B - a +2 hat
Jewellery
 m - an amulet of regeneration (around neck)
 y - a +6 ring of strength (left hand)
 D - the amulet of Elemental Vulnerability {rPois rF-- rC-- AC+8}
   (You found it on level 5 of the Dungeon)

   [amulet of nothing]

   AC:        It affects your AC (+8).
   rF:        It makes you very vulnerable to fire.
   rC:        It makes you very vulnerable to cold.
   rPois:     It protects you from poison.
 E - a ring of positive energy
 F - a +4 ring of protection (right hand)
Wands
 G - a wand of charming (12)
 I - a wand of iceblast (7)
Scrolls
 d - 2 scrolls of teleportation {unknown}
 k - 2 scrolls of enchant weapon {unknown}
 q - 2 scrolls of blinking
 r - 4 scrolls of magic mapping {unknown}
 s - 2 scrolls of identify {unknown}
 v - 2 scrolls of fear {unknown}
 A - a scroll of noise {unknown}
 C - a scroll of vulnerability {unknown}
Potions
 g - 2 potions of heal wounds {unknown}
 h - a potion of magic {unknown}
 l - a potion of cancellation {unknown}
 t - a potion of mutation {unknown}
 u - 2 potions of might
 x - 4 potions of degeneration {unknown}
 H - a potion of ambrosia {unknown}


   Skills:
 - Level 5.0 Fighting
 - Level 0.8 Throwing
 - Level 0.8 Armour
 - Level 4.0 Dodging
 - Level 7.0 Unarmed Combat
 - Level 3.0 Spellcasting
 * Level 5.4 Translocations


You had 4 spell levels left.
You knew the following spells:

 Your Spells              Type           Power      Damage    Failure   Level
b - Blink                 Tloc           36%        N/A       3%          2
e - Vhi's Electric Charg  Tloc/Air       20%        N/A       22%         3
m - Manifold Assault      Tloc           18%        N/A       24%         4

Your spell library contained the following spells:

 Spells                   Type           Power      Damage    Failure   Level
 Apportation              Tloc           36%        N/A       2%          1
 Lesser Beckoning         Tloc           36%        N/A       3%          2
 Teleport Other           Tloc           18%        N/A       8%          3
 Foxfire                  Conj/Fire      8%         2x1d4     22%         1
 Sandblast                Erth           4%         2d4       22%         1
 Kindle Blastsparks       Fire/Tloc/Air  14%        2d11      32%         3
 Passwall                 Tmut/Erth      1%         N/A       34%         2
 Stone Arrow              Conj/Erth      4%         3d7       56%         3
 Iskenderun's Mystic Bla  Conj/Tloc      10%        2d4       58%         4
 Fulminant Prism          Conj/Hex       1%         3d5       92%         4
 Fireball                 Conj/Fire      1%         3d3       99%         5
 Lee's Rapid Deconstruct  Erth           1%         3d4*      99%         5
 Starburst                Conj/Fire      1%         6d3       100%        6


Dungeon Overview and Level Annotations

Branches:
Dungeon (7/15)
 Temple: D:4-7

Shops:
D:4 (

Annotations:
D:2 1 runed translucent door; partly explored., exclusion: door, Crazy Yiuf


Innate Abilities, Weirdness & Mutations

You have an increased reservoir of magic. (+10% MP)
You shall have no god before yourself.
Your divine heritage dramatically boosts your attributes as you level up.


Message History

You hit the steam dragon.
The steam dragon is lightly wounded.
The steam dragon bites you. The steam dragon claws you.
You barely miss the steam dragon.
The steam dragon is lightly wounded.
The steam dragon bites you but does no damage.
The steam dragon completely misses you.
You hit the steam dragon but do no damage.
The steam dragon is lightly wounded.
The steam dragon breathes steam at you. The ball of steam hits you!
The steam dragon bites you but does no damage.
The steam dragon claws you.
You hit the steam dragon.
You feel better.
You punch the steam dragon, but do no damage.
The steam dragon is moderately wounded.
The steam dragon misses you.
The steam dragon claws you but does no damage.
You barely miss the steam dragon.
The steam dragon is moderately wounded.
The steam dragon breathes steam at you. The ball of steam hits you!
The steam dragon bites you!
The steam dragon claws you but does no damage.
You hit the steam dragon but do no damage.
The steam dragon is moderately wounded.
The steam dragon closely misses you. The steam dragon misses you.
You closely miss the steam dragon.
The steam dragon is moderately wounded.
The steam dragon barely misses you. x2
You hit the steam dragon but do no damage.
The steam dragon is moderately wounded.
The steam dragon breathes steam at you. The ball of steam hits you!!
* * * LOW HITPOINT WARNING * * *
You are engulfed in a cloud of scalding steam.
* * * LOW HITPOINT WARNING * * *
There is a stone staircase leading up here.
You are engulfed in a cloud of scalding steam.
You die...

.....# .... .....##
... ......## ..
.......##.#
.......#..#
.......#.##########
..............§....
.###.........§..#####
.# #............@D§.#
$#..............#.#.#
......###########§#.#
......# #.#.#
......####### #.#.#
............# #.#.#
............# #.#D#
.........+ ..#.#
.........# ###.#


You could see a steam dragon.

Vanquished Creatures
  Grinder (D:3)
  Eustachio (D:5)
  A black bear (D:5)
  A sky beast (D:7)
  An ice beast (D:5)
  An ogre (D:4)
  A kobold brigand (D:5)
  2 bullfrogs
  3 scorpions (D:5)
  4 killer bees (D:6)
  A jelly (D:6)
  An orc priest (D:4)
  4 hounds (D:5)
  Natasha (thrice) (D:2)
  2 iguanas
  Robin (D:1)
  4 gnolls (D:4)
  9 adders
  2 shadow imps (D:5)
  An ufetubus (D:5)
  4 dart slugs
  8 orcs
  5 bats
  11 endoplasms
  2 giant cockroaches (D:2)
  16 goblins
  12 hobgoblins
  3 jackals (D:4)
  3 quokkas
  10 ball pythons
  3 frilled lizards
  8 kobolds
  5 rats
  2 bushes (D:3)
136 creatures vanquished.

Vanquished Creatures (others)
  A killer bee (D:6)
  A fungus (D:1)
  3 plants
5 creatures vanquished.

Grand Total: 141 creatures vanquished

Notes
Turn   | Place    | Note
-------+----------+-------------------------------------------
     0 | D:1      | avis the Demigod Warper began the quest for the Orb.
     0 | D:1      | Reached XP level 1. HP: 17/17 MP: 5/5
    82 | D:1      | Reached skill level 2 in Unarmed Combat
   314 | D:1      | Reached XP level 2. HP: 24/24 MP: 7/7
   317 | D:1      | Learned a level 2 spell: Blink
   365 | D:1      | Got Plato's Encyclopedia of the Singularity
   907 | D:2      | Reached XP level 3. HP: 18/29 MP: 8/8
  1041 | D:2      | Identified the +0 chain mail of True Grit {Int+6}
  1043 | D:2      | Noticed Robin
  1131 | D:1      | Killed Robin
  1132 | D:1      | Reached skill level 3 in Unarmed Combat
  1275 | D:2      | Noticed Natasha
  1302 | D:2      | Killed Natasha
  1303 | D:2      | Reached XP level 4. HP: 30/36 MP: 9/9
  1333 | D:2      | Noticed Natasha
  1371 | D:2      | Killed Natasha
  1372 | D:2      | Reached skill level 4 in Unarmed Combat
  1471 | D:2      | Noticed Natasha
  1498 | D:2      | Killed Natasha
  1583 | D:2      | Reached XP level 5. HP: 44/44 MP: 10/10
  1590 | D:2      | Found a runed translucent door.
  1591 | D:2      | Noticed Crazy Yiuf
  1813 | D:3      | Noticed Grinder
  1817 | D:3      | Paralysed by Grinder for 3 turns
  1893 | D:3      | Killed Grinder
  1894 | D:3      | Reached XP level 6. HP: 34/52 MP: 11/11
  2391 | D:3      | Identified the +0 dagger of Beogh's Castigation {vamp,
                  | rElec Dex+2}
  2540 | D:3      | Reached skill level 5 in Unarmed Combat
  3425 | D:4      | Got the Quarto of Striking
  3653 | D:4      | Found Usoso's Weapon Shop.
  4085 | D:4      | Reached skill level 6 in Unarmed Combat
  4342 | D:4      | Reached XP level 7. HP: 21/59 MP: 13/13
  4392 | D:4      | Learned a level 3 spell: Vhi's Electric Charge
  4397 | D:4      | Learned a level 4 spell: Manifold Assault
  4714 | D:4      | Upgraded the game from 0.30-a0-862-g1aabd4f9c5 to
                  | 0.30-a0-867-g305f33218d
  4745 | D:5      | Entered Level 5 of the Dungeon
  4970 | D:5      | Noticed Eustachio
  4970 | D:5      | Found the amulet of Elemental Vulnerability {rPois rF--
                  | rC-- AC+8}
  5676 | D:5      | Reached skill level 5 in Fighting
  5710 | D:5      | Reached XP level 8. HP: 66/68 MP: 15/15
  6876 | D:5      | Killed Eustachio
  6877 | D:5      | Reached skill level 7 in Unarmed Combat
  7420 | D:6      | Reached skill level 5 in Translocations
  7897 | D:6      | HP: 1/68 [steam dragon] (11)]
  7898 | D:6      | Engulfed by a steam dragon's steam

Illustrated notes

Levels and vault maps discovered:
D:1:      dpeg_arrival_round_c, layout_rooms,
          shapermc_ecumenical_altar_rom_forum, minmay_misc_feat_room,
          wander_ebering_terrifying_dragon_lair
D:2:      layout_rooms, uniq_natasha, uniq_robin, uniq_crazy_yiuf_cottage
D:3:      layout_basic, lemuel_doored_altar, serial_forest,
          infiniplex_forest_clump_medium, infiniplex_forest_straight_4,
          infiniplex_forest_clump_diagonal, infiniplex_forest_clump_long,
          infiniplex_forest_lined_corner, infiniplex_forest_3_way,
          nicolae_concentric_dashed_squares_mild, uniq_grinder
D:4:      layout_basic, serial_shops, nicolae_shop_bloodbath_and_beyond,
          kennysheep_nondescript, minmay_misc_feat_roman,
          hangedman_abyss_or_decor_jellyfish_corner, minivault_24
D:5:      layout_layer_cave, minmay_misc_feat_pillars,
          kennysheep_generic_room_5, uniq_eustachio
D:6:      layout_basic, lemuel_round_altar
D:7:      layout_layer_cave, minmay_temple_entry_sparse_star, uniq_joseph

Skill      XL: |  1  2  3  4  5  6  7  8 |
---------------+-------------------------+-----
Fighting       | 2 4 5 |  5.0
Unarmed Combat | 2 3 4 6 7 |  7.0
Dodging        | 2 3 4 |  4.0
Spellcasting   | 2 3 |  3.0
Translocations | 3 4 5 |  5.4
Throwing       | |  0.8
Armour         | |  0.8

Action                     |  1- 3 |  4- 6 |  7- 9 || total
---------------------------+-------+-------+-------++-------
  Melee: Unarmed           |   141 |   162 |    16 ||   319
         Punch             |     3 |    30 |    31 ||    64
         Dagger            |    67 |   462 |   582 ||  1111
   Fire: Sling             |       |    47 |    23 ||    70
  Throw: Boomerang         |       |     4 |     1 ||     5
   Cast: Vhi's Electric Ch |       |       |    14 ||    14
         Blink             |       |       |     5 ||     5
         Manifold Assault  |       |       |     3 ||     3
  Evoke: Wand              |       |       |     2 ||     2
    Use: Potion            |       |       |     6 ||     6
 Armour: Leather armour    |    29 |       |   248 ||   277
         Ice dragon scales |    30 |   146 |       ||   176
  Dodge: Dodged            |    86 |   154 |   576 ||   816

Table legend: (Time is in decaauts)
 A = Elapsed time spent in this place.
 B = Non-inter-level travel time spent in this place.
 C = Inter-level travel time spent in this place.
 D = Time resting spent in this place.
 E = Time spent auto-exploring this place.
 F = Levels seen in this place.
 G = Mean time per level.
                   A        B        C        D        E       F      G
               +--------+--------+--------+--------+--------+-----+--------+
         Total |   7779 |   7078 |    701 |    941 |   3353 |   7 | 1111.3 |
       Dungeon |   7779 |   7078 |    701 |    941 |   3353 |   7 | 1111.3 |
               +--------+--------+--------+--------+--------+-----+--------+

Top non-repeatable levels by time:
     D:5: 2221 daAuts
     D:4: 1603 daAuts
     D:3: 1466 daAuts
     D:1: 955 daAuts
     D:2: 861 daAuts
     D:6: 645 daAuts
     D:7: 24 daAuts
